 Dungeon Crawl Stone Soup version 0.25.1-8-g42b30a86e7 (webtiles) character file.

Game seed: 14849359894127037020

135 hawla the Magician (level 4, -5/33 HPs)
             Began as a Draconian Conjurer on Dec 5, 2020.
             Slain by a river rat (10 damage)
             ... in a sewer.
             The game lasted 00:05:33 (2510 turns).

hawla the Magician (Draconian Conjurer)             Turns: 2510, Time: 00:05:33

Health: -5/33      AC:  5    Str: 10    XL:     4   Next: 97%
Magic:  1/10       EV: 12    Int: 17    God:
Gold:   116        SH:  0    Dex: 11    Spells: 9/12 levels left

rFire    . . .     SeeInvis .   (no weapon)
rCold    . . .     Gourm    .   (no shield)
rNeg     . . .     Faith    .   (armour unavailable)
rPois    .         Spirit   .   (helmet restricted)
rElec    .         Reflect  .   (no cloak)
rCorr    .         Harm     .   (no gloves)
MR       .....                  (no boots)
Stlth    ++........             (no amulet)
HPRegen  0.11/turn              (no ring)
MPRegen  0.12/turn              (no ring)

@: flying
A: unfitting armour, blink, no potion heal 1, cold-blooded, AC +5
a: Blink


You were in a sewer.
You were hungry.

You visited 1 branch of the dungeon, and saw 3 of its levels.
You also visited: Sewer.

You collected 116 gold pieces.

Inventory:

Jewellery
 c - an uncursed ring of ice
Scrolls
 d - a scroll of remove curse {unknown}
 e - 2 scrolls of identify
Potions
 a - a potion of resistance
 g - a potion of mutation
Comestibles
 b - 5 rations


   Skills:
 - Level 1.7 Dodging
 - Level 1.7 Stealth
 + Level 4.8 Spellcasting
 - Level 4.0 Conjurations


You had 9 spell levels left.
You knew the following spells:

 Your Spells              Type           Power        Failure   Level  Hunger
a - Magic Dart            Conj           ###.         2%          1    None
b - Searing Ray           Conj           ###...       4%          2    #......

Your spell library contained the following spells:

 Spells                   Type           Power        Failure   Level  Hunger
 Dazzling Flash           Conj/Hex       ##....       19%         3    ###....
 Fulminant Prism          Conj/Hex       ##........   54%         4    ####...
 Iskenderun's Mystic Bla  Conj/Tloc      ##......     54%         4    ####...


Dungeon Overview and Level Annotations

Branches:
Dungeon (3/15)              Sewer (1/1)

Altars:
Nemelex Xobeh
Ru
Trog


Innate Abilities, Weirdness & Mutations

Your plain brown scales are hard. (AC +5)
You cannot fit into any form of body armour.
You are cold-blooded and may be slowed by cold attacks.
You can translocate small distances at will.
Potions are less effective at restoring your health.


Message History

Press: ? - help, Shift-Dir - straight line, f - river rat
Aim: a river rat (heavily wounded)
The magic dart hits the river rat but does no damage.
The river rat is heavily wounded.
The river rat bites you!
You completely miss the river rat.
The river rat is heavily wounded.
The river rat bites you.
You barely miss the river rat.
The river rat is heavily wounded.
The river rat bites you but does no damage.
It was a potion of mutation.
You feel extremely strange.
Your system partially rejects the healing effects of potions.
You feel jittery. The river rat bites you!
* * * LOW HITPOINT WARNING * * *
It was a potion of flight.
You feel very buoyant.
You fly up into the air.
The river rat bites you!
You die... ################ #....∩.r@.....≈≈ ################

You could see a river rat.

Vanquished Creatures
  A centaur (D:3)
  An ooze (D:2)
  A dart slug (D:2)
  A leopard gecko (D:3)
  An orc (D:3)
  2 giant cockroaches
  7 hobgoblins
  3 jackals (D:1)
  2 quokkas
  8 bats
  5 frilled lizards
  7 goblins
  5 kobolds
  5 rats
49 creatures vanquished.

Notes
Turn   | Place    | Note
-------+----------+-------------------------------------------
     0 | D:1      | hawla the Draconian Conjurer began the quest for the Orb.
     0 | D:1      | Reached XP level 1. HP: 14/14 MP: 3/3
   468 | D:1      | Reached XP level 2. HP: 20/20 MP: 1/5
   472 | D:1      | Learned a level 2 spell: Searing Ray
  1306 | D:2      | Found a sparkling altar of Nemelex Xobeh.
  1409 | D:2      | Reached XP level 3. HP: 26/26 MP: 4/7
  1858 | D:2      | Found a bloodstained altar of Trog.
  2011 | D:3      | Noticed a centaur
  2014 | D:3      | Killed a centaur
  2014 | D:3      | Reached XP level 4. HP: 26/33 MP: 5/10
  2212 | D:3      | Found a sacrificial altar of Ru.
  2470 | D:3      | Found a glowing drain.
  2486 | Sewer    | Entered a sewer
  2509 | Sewer    | Gained mutation: Potions are less effective at restoring
                  | your health. [potion of mutation]
  2509 | Sewer    | Gained mutation: You can translocate small distances at
                  | will. [potion of mutation]
  2510 | Sewer    | Slain by a river rat

Illustrated notes

Levels and vault maps discovered:
D:1:      erik_arrival_blinker_ship, layout_basic,
          chequers_serial_rivers_micro_a
D:2:      layout_loops_cross, nicolae_overflow_crystal_walls,
          lemuel_round_altar, first_ration
D:3:      layout_basic, nicolae_ru_the_path_less_chosen,
          nicolae_overflow_hidden_temple, gup_sewer_entry_bowl
Sewer:    sewer_kobolds

Skill      XL: |  1  2  3 |
---------------+----------+-----
Spellcasting   | 3 4 |  4.8
Dodging        | |  1.7
Stealth        | |  1.7
Conjurations   | |  4.0

Action                   |  1- 3 |  4- 6 || total
-------------------------+-------+-------++-------
Melee: Unarmed           |    11 |    23 ||    34
       Tailslap          |     1 |     2 ||     3
 Cast: Magic Dart        |    53 |     8 ||    61
       Searing Ray       |     9 |    12 ||    21
  Use: Scroll            |     2 |     1 ||     3
       Potion            |       |     2 ||     2
  Eat: Chunk             |     4 |     1 ||     5
Armor: Skin              |     8 |    15 ||    23
Dodge: Dodged            |    14 |    37 ||    51
